 Dungeon Crawl Stone Soup version 0.29.1-15-g9cfb28693d (webtiles) character file.

Game seed: 858310189772099645

32 Ast3rio the Insei (level 3, -8/28 HPs)
             Began as a Djinni Transmuter on Mar 13, 2023.
             Mangled by Sigmund
             ... wielding a +0 scythe
              (11 damage)
             ... on level 2 of the Dungeon.
             The game lasted 00:02:36 (1893 turns).

Ast3rio the Insei (Djinni Transmuter)               Turns: 1893, Time: 00:02:37

Health: -8/28      AC:  2    Str: 11    XL:     3   Next: 42%
Gold:   61         EV: 12    Int: 14    God:
                   SH:  0    Dex: 13

rFire   + + +      SeeInvis .     - Unarmed
rCold   x x .      Faith    .   j - orb {*channel}
rNeg    . . .      Spirit   +   a - +0 robe
rPois   ∞          Reflect  .   (helmet currently unavailable)
rElec   .          Harm     .   (no cloak)
rCorr   .          Rampage  .   (no gloves)
Will    .....                   (boots unavailable)
Stlth   +.........              k - amulet of guardian spirit
HPRegen 0.09/turn               g - ring of fire
MPRegen 0.00/turn               (no ring)

@: appendages (expiring), flying
A: horns 2, flying, sickness immunity, fire resistance 2, cold vulnerability 1,
float, innate caster, HP casting, extra vitality 1
a: End Transformation


You were on level 2 of the Dungeon.
You had temporarily grown beastly horns.
You visited 1 branch of the dungeon, and saw 2 of its levels.

You collected 61 gold pieces.

Inventory:

Armour
 a - a +0 robe (worn)
 j - an orb of energy (worn)
Jewellery
 g - a ring of fire (left hand)
 k - an amulet of guardian spirit (around neck)
 m - a +4 ring of evasion
Scrolls
 c - a scroll of summoning {unknown}
 d - 2 scrolls of torment {unknown}
 e - 2 scrolls of enchant weapon {unknown}
 f - a scroll of identify {unknown}
 i - 3 scrolls of teleportation {unknown}
 l - a scroll of immolation {unknown}
Potions
 b - 2 potions of lignification
 h - 2 potions of attraction {unknown}


   Skills:
 * Level 1.8 Fighting
 + Level 2.3 Dodging
 * Level 3.4 Unarmed Combat
 * Level 2.0 Spellcasting


You couldn't memorise any spells.
You knew the following spells:

 Your Spells              Type           Power      Damage    Failure   Level
a - Beastly Appendage     Tmut           14%        N/A       11%         1
b - Wereblood             Tmut           7%         N/A       16%         2
c - Spider Form           Tmut/Pois      7%         N/A       30%         3
d - Ice Form              Ice/Tmut       7%         N/A       71%         4
e - Necrotise             Necr           28%        1d5       11%         1
Your spell library was empty.

Dungeon Overview and Level Annotations

Branches:
Dungeon (2/15)

Altars:

Annotations:
D:2 Sigmund


Innate Abilities, Weirdness & Mutations

You have temporarily grown beastly horns.
You are flying.
You are immune to sickness and miasma.
You are immune to poison.
Your flesh is very heat resistant. (rF++)
You are vulnerable to cold. (rC-)
You float through the air rather than walking.
You learn spells naturally, not from books.
Your magical power is your life essence.
You have superior vitality. (+4 MHP)


Message History

You are too injured to fight recklessly!
You are too injured to fight recklessly!
You are too injured to fight recklessly!
You are too injured to fight recklessly!
You are too injured to fight recklessly!
You are too injured to fight recklessly!
You are too injured to fight recklessly!
You are too injured to fight recklessly!
You are too injured to fight recklessly!
You are too injured to fight recklessly!
You are too injured to fight recklessly!
Casting: Beastly Appendage (safe; 11% risk of failure)
Confirm with . or Enter, or press ? or * to list all spells.
You grow a pair of large bovine horns.
The worm bites you!
* * * LOW HITPOINT WARNING * * *
You hit the worm but do no damage.
The worm is moderately wounded.
The worm barely misses you.
You hit the worm but do no damage. You headbutt the worm.
The worm is heavily wounded.
You hit the worm. You headbutt the worm!
You kill the worm!
The bat barely misses you. The bat closely misses you.
Your Spellcasting skill increases to level 2!
You hit the bat.
You kill the bat!
Your transformation is almost over.
Sigmund the Dreaded comes into view.
He is wielding a +0 scythe.
Sigmund shouts!
Sigmund gestures at you while chanting. The puff of flame misses you.
Sigmund gestures wildly while chanting.
Sigmund flickers and vanishes!
Deactivating autopickup; reactivate with Ctrl-A.
Something hits you.
* * * LOW HITPOINT WARNING * * *
You miss something. You closely miss something. You headbutt something.
Something hits you!
You die...

# #. #.#.#
###.#.#
#...#..
#...###
### #...#
..# #...#
#.# #...#
#{# #..(#
#@# #...#
#.# #...#
#.# #...#
#.#
#.#...#
#.#
#.#...####
#.#
#.#.......
#######.#
#.#..#####
#.......#
#)#..#
#.#######
#.#..#


There were no monsters in sight!

Vanquished Creatures
  A worm (D:2)
  2 dart slugs
  2 endoplasms
  3 giant cockroaches (D:2)
  2 goblins (D:1)
  A hobgoblin (D:2)
  6 kobolds
  A quokka (D:1)
  4 bats
  2 frilled lizards (D:1)
  2 rats
26 creatures vanquished.

Notes
Turn   | Place    | Note
-------+----------+-------------------------------------------
     0 | D:1      | Ast3rio the Djinni Transmuter began the quest for the Orb.
     0 | D:1      | Ast3rio set off with the following spells memorised:
                  | Beastly Appendage, Wereblood, Spider Form, Ice Form.
     0 | D:1      | Reached XP level 1. HP: 17/17 MP: 0/0
   160 | D:1      | Reached XP level 2. HP: 20/22 MP: 0/0
  1122 | D:1      | Found a faded altar of an unknown god.
  1650 | D:2      | Reached XP level 3. HP: 26/27 MP: 0/0
  1650 | D:2      | Learned a level 1 spell: Necrotise
  1887 | D:2      | Noticed Sigmund
  1893 | D:2      | Mangled by Sigmund

Illustrated notes

Levels and vault maps discovered:
D:1:      dpeg_arrival_orchard, layout_basic, hellmonk_ecumenical_altar_zigzags
D:2:      layout_basic, chequers_serial_rivers_small_b, minmay_pentomino_u2,
          uniq_sigmund

Skill      XL: |  1  2  3 |
---------------+----------+-----
Spellcasting   | 2 |  2.0
Fighting       | |  1.8
Dodging        | |  2.3
Unarmed Combat | |  3.4

Action                   || total
-------------------------++-------
Melee: Unarmed           ||   127
       Headbutt          ||     6
 Cast: Beastly Appendage ||     4
Armor: Robe              ||    22
Dodge: Dodged            ||    69
